 Dungeon Crawl Stone Soup version 0.27.1-3-gb3d3a73c9e (webtiles) character file.

Game seed: 1597932298741920193

471 MisterFreud the Fighter (level 6, 0/61 HPs)
             Began as a Minotaur Abyssal Knight on Oct 23, 2021.
             Was a Priest of Lugonu.
             Killed from afar by Blork the orc (3 damage)
             ... with a puff of frost
             ... on level 4 of the Dungeon.
             The game lasted 00:04:02 (3294 turns).

MisterFreud the Fighter (Minotaur Abyssal Knight)   Turns: 3294, Time: 00:04:02

Health: 0/61       AC:  5    Str: 19    XL:     6   Next: 83%
Magic:  6/6        EV: 10    Int:  9    God:    Lugonu [***...]
Gold:   29         SH:  6    Dex:  9    Spells: 5/5 levels left

rFire    . . .     SeeInvis .   w - +1 short sword (elec)
rCold    + . .     Faith    .   p - +2 buckler
rNeg     . . .     Spirit   .   e - +0 ring mail
rPois    +         Reflect  .   (helmet restricted)
rElec    .         Harm     .   (no cloak)
rCorr    .         Rampage  .   (no gloves)
Will     .....                  (no boots)
Stlth    ..........             m - amulet of the acrobat
HPRegen  0.20/turn              o - ring of poison resistance
MPRegen  0.10/turn              s - ring of protection from cold

@: attractive
A: horns 2, retaliatory headbutt
a: Renounce Religion, Depart the Abyss, Bend Space, Banish


You were on level 4 of the Dungeon.
You worshipped Lugonu.
Lugonu was most pleased with you.
You visited 1 branch of the dungeon, and saw 6 of its levels.
You visited the Abyss 1 time.

You collected 126 gold pieces.
You spent 97 gold pieces at shops.

Inventory:

Hand Weapons
 a - a +1 falchion
 r - a +0 morningstar
 w - a +1 short sword of electrocution (weapon)
Missiles
 d - 11 boomerangs
 l - 4 curare-tipped darts
 z - 12 poisoned darts
Armour
 b - a +0 leather armour
 e - a +0 ring mail (worn)
 p - a +2 buckler (worn)
Jewellery
 m - an amulet of the acrobat (around neck)
 o - a ring of poison resistance (left hand)
 s - a ring of protection from cold (right hand)
Wands
 x - a wand of iceblast (9)
Scrolls
 f - a scroll of fear {unknown}
 j - 2 scrolls of fog {unknown}
 n - a scroll of enchant armour {unknown}
 q - a scroll of teleportation {unknown}
 t - a scroll of magic mapping {unknown}
 u - a scroll of amnesia {unknown}
 v - a scroll of identify {unknown}
 y - a scroll of summoning {unknown}
 A - 2 scrolls of blinking
 C - a scroll of immolation {unknown}
Potions
 c - 2 potions of attraction
 g - a potion of lignification {unknown}
 h - a potion of invisibility {unknown}
 i - 2 potions of curing {unknown}
 k - a potion of magic {unknown}
 B - 2 potions of haste {unknown}


   Skills:
 - Level 8.0 Fighting
 - Level 2.4 Long Blades
 + Level 3.4 Armour
 - Level 1.1 Dodging
 - Level 4.0 Shields
 - Level 1.7 Invocations


You had 5 spell levels left.
You didn't know any spells.
Your spell library contained the following spells:

 Spells                   Type           Power      Damage    Failure   Level
 Sandblast                Erth           0%         2d4       56%         1
 Passwall                 Tmut/Erth      0%         N/A       71%         2
 Lee's Rapid Deconstruct  Erth           0%         3d5*      100%        5


Dungeon Overview and Level Annotations

Branches:
Dungeon (6/15)             Temple (0/1) D:5

Altars:

Shops:
D:1 (   D:5 ?

Annotations:
D:4 Blork the orc


Innate Abilities, Weirdness & Mutations

You have a pair of horns on your head.
You reflexively headbutt those who attack you in melee.


Message History

You closely miss Blork the orc. Your headbutt misses Blork the orc.
Blork the orc is severely wounded.
You block Blork the orc's attack.
You barely miss Blork the orc.
Blork the orc is severely wounded.
You block Blork the orc's attack.
Blork the orc hits you with a +0 scimitar of flaming!
Blork the orc burns you.
You hit Blork the orc.
Blork the orc is almost dead.
Blork the orc casts a spell at you. You block the puff of frost.
You closely miss Blork the orc.
Blork the orc is almost dead.
Blork the orc casts a spell at you. The puff of flame hits you.
Blork the orc hits you with a +0 scimitar of flaming!
Blork the orc burns you.
You barely miss Blork the orc.
Blork the orc is almost dead.
Blork the orc hits you with a +0 scimitar of flaming!
* * * LOW HITPOINT WARNING * * *
Blork the orc burns you.
* * * LOW HITPOINT WARNING * * *
You hit Blork the orc.
You headbutt Blork the orc, but do no damage.
Blork the orc is almost dead.
Blork the orc points at you and mumbles some strange words.
The magic dart hits you.
* * * LOW HITPOINT WARNING * * *
Blork the orc points at you and mumbles some strange words.
The puff of frost hits you. You resist.
* * * LOW HITPOINT WARNING * * *
Unknown command.
Unknown command.
It was a potion of attraction.
You feel attractive to monsters.
Blork the orc points at you and mumbles some strange words.
The puff of frost hits you. You resist.
You die...

##.######
.......@#
.#.#...o#
#.#..# #
#..# #..#
#... #.##
#.


You could see Blork the orc (fast).

Vanquished Creatures
  2 ogres (D:5)
  A bullfrog zombie (D:5)
  An orc priest (D:5)
  3 orc wizards (D:5)
  6 adders
  A shadow imp (D:6)
  A worm (D:3)
  A dart slug (D:3)
  13 orcs
  5 ball pythons
  6 endoplasms
  3 giant cockroaches
  9 goblins
  3 hobgoblins (D:2)
  10 jackals
  8 quokkas
  6 bats
  5 frilled lizards
  6 kobolds
  5 rats
95 creatures vanquished.

Notes
Turn   | Place    | Note
-------+----------+-------------------------------------------
     0 | Abyss:1  | MisterFreud the Minotaur Abyssal Knight began the quest for
                  | the Orb.
     0 | Abyss:1  | Reached XP level 1. HP: 19/19 MP: 1/1
    17 | D:1      | Escaped the Abyss
    51 | D:1      | Found Vufic's Antique Weapon Shoppe.
   205 | D:1      | Reached skill level 4 in Fighting
   334 | D:1      | Reached XP level 2. HP: 28/28 MP: 2/2
   803 | D:1      | Reached ** piety under Lugonu
   835 | D:1      | Reached skill level 5 in Fighting
  1107 | D:2      | Reached XP level 3. HP: 33/36 MP: 3/3
  1525 | D:2      | Reached XP level 4. HP: 37/44 MP: 4/4
  1609 | D:2      | Reached skill level 6 in Fighting
  2095 | D:3      | Reached *** piety under Lugonu
  2297 | D:3      | Found a faded altar of an unknown god.
  2365 | D:4      | You fall into a shaft and drop 2 floors!
  2374 | D:6      | Reached XP level 5. HP: 51/51 MP: 5/5
  2397 | D:5      | Entered Level 5 of the Dungeon
  2430 | D:5      | Found a staircase to the Ecumenical Temple.
  2435 | D:5      | Reached skill level 1 in Shields
  2443 | D:5      | Reached skill level 7 in Fighting
  2499 | D:5      | Noticed an ogre
  2502 | D:5      | Killed an ogre
  2557 | D:5      | Noticed an ogre
  2561 | D:5      | Reached XP level 6. HP: 61/61 MP: 6/6
  2567 | D:5      | Reached skill level 8 in Fighting
  2812 | D:5      | Found Ojyl's Magic Scroll Shop.
  2824 | D:5      | Bought a scroll of blinking for 97 gold pieces
  3272 | D:5      | Noticed Blork the orc
  3293 | D:4      | HP: 3/61 [Blork the orc/puff of frost (4)]
  3294 | D:4      | Killed from afar by Blork the orc

Illustrated notes

Levels and vault maps discovered:
D:1:      minmay_arrival_radiant_lines, layout_basic, serial_shops,
          nicolae_shop_window_shopping
D:2:      layout_rooms
D:3:      layout_rooms, dreamdust_ecumenical_altar_grove
D:4:      layout_basic, sigmund_edmund_badplayer, uniq_menkaure
D:5:      layout_basic, minmay_temple_entry_mini_moons, serial_shops,
          nicolae_shop_window_shopping, kennysheep_generic_room_9,
          uniq_blork_the_orc, uniq_sigmund
D:6:      layout_cave_pools, ebering_ghost_sewer_f

Skill      XL: |  1  2  3  4  5  6 |
---------------+-------------------+-----
Fighting       | 4 5 6 7 8 |  8.0
Shields        | 2 4 |  4.0
Armour         | 3 |  3.4
Long Blades    | |  2.4
Dodging        | |  1.1
Invocations    | |  1.7

Action                   |  1- 3 |  4- 6 || total
-------------------------+-------+-------++-------
Melee: Falchion          |    93 |    60 ||   153
       Headbutt          |    14 |    25 ||    39
       Short sword       |       |    66 ||    66
  Use: Potion            |       |     1 ||     1
Armor: Ring mail         |    43 |    28 ||    71
Dodge: Dodged            |    62 |    63 ||   125
Block: Buckler           |       |    19 ||    19
       Rpst.: Falchion   |    13 |     9 ||    22
